 Dungeon Crawl Stone Soup version 0.21.1-1-g345015fe64 (webtiles) character file.

129 Ivernyr the Shooter (level 4, 0/37 HPs)
             Began as a Centaur Arcane Marksman on Mar 27, 2018.
             Succumbed to an adder's poison
             ... on level 3 of the Dungeon.
             The game lasted 00:07:46 (3644 turns).

Ivernyr the Shooter (Centaur Arcane Marksman)       Turns: 3644, Time: 00:07:47

Health: 0/37       AC:  4    Str: 13    XL:     4   Next: 88%
Magic:  5/5        EV:  9    Int: 12    God:
Gold:   87         SH:  0    Dex: 10    Spells: 4/5 levels left

rFire    . . .     SeeInvis +   a - +0 shortbow
rCold    . . .     Gourm    .   (shield currently unavailable)
rNeg     . . .     Faith    .   e - +0 robe
rPois    .         Spirit   .   (no helmet)
rElec    .         Reflect  .   (no cloak)
rCorr    .         Harm     .   (no gloves)
MR       .....                  (no barding)
Stlth    +.........             (no amulet)
HPRegen  0.12/turn              l - ring of see invisible
MPRegen  0.09/turn              (no ring)

@: lethally poisoned (0 -> -3), very quick
A: large, hooves 3, deformed body, speed 2, tough skin 3
a: no special abilities


You were on level 3 of the Dungeon.
You were not hungry.

You visited 1 branch of the dungeon, and saw 3 of its levels.

You collected 87 gold pieces.

Inventory:

Hand Weapons
 a - a +0 shortbow (weapon)
Missiles
 d - 23 arrows (quivered)
Armour
 e - a +0 robe (worn)
Jewellery
 l - a ring of see invisible (left hand)
Scrolls
 b - a scroll of amnesia {unknown}
 g - a scroll of magic mapping {unknown}
 i - a scroll of fear {unknown}
 k - 2 scrolls of fog {unknown}
 m - 3 scrolls of identify {unknown}
 o - a scroll of random uselessness {unknown}
Potions
 h - a potion of agility {unknown}
 j - 2 potions of might {unknown}
 n - a potion of haste {unknown}
 p - a potion of mutation {unknown}
Books
 c - a book of Debilitation

   Spells                             Type                      Level
   a - Corona                         Hexes                        1
   b - Slow                           Hexes                        2
   c - Inner Flame                    Hexes/Fire                   3
   d - Portal Projectile              Hexes/Translocation          3
   e - Cause Fear                     Hexes                        4
   f - Leda's Liquefaction            Hexes/Earth                  4
Comestibles
 f - 5 rations


   Skills:
 + Level 2.4 Fighting
 * Level 5.2 Bows
 - Level 1.3 Dodging
 - Level 1.0 Spellcasting
 + Level 3.4 Hexes


You had 4 spell levels left.
You knew the following spells:

 Your Spells              Type           Power        Failure   Level  Hunger
a - Corona                Hex            #......      8%          1    ##.....


Dungeon Overview and Level Annotations

Branches:
Dungeon (3/15)

Altars:
Hepliaklqana


Innate Abilities, Weirdness & Mutations

You have hooves in place of feet.
Armour fits poorly on your strangely shaped body.
You cover ground very quickly.
You have extremely tough skin. (AC +3)


Message History

You feel sick. The adder closely misses you.
Firing (i - inventory):
d - 26 arrows (quivered)
Press: ? - help, Shift-Dir - straight line, f/p - adder
Aim: an adder (moderately wounded)
You shoot an arrow. The arrow barely misses the adder.
The adder bites you but does no damage.
Firing (i - inventory):
d - 25 arrows (quivered)
Press: ? - help, Shift-Dir - straight line, f/p - adder
Aim: an adder (moderately wounded)
You shoot an arrow. The arrow barely misses the adder.
The arrow barely misses the rat.
The adder bites you.
* * * LOW HITPOINT WARNING * * *
The adder barely misses you.
Firing (i - inventory):
d - 24 arrows (quivered)
Press: ? - help, Shift-Dir - straight line, f/p - adder
Aim: an adder (moderately wounded)
You shoot an arrow.
The arrow hits the adder but does no damage.
The adder is moderately wounded.
You die...

#.#.#.#########
#.#.#........(#
#.#.#########.#
#.............#
#.#.#########.#
#.#)# #####.##
#.#.# #......#
#.#.# #.###)##
#.#.# #@# #.#.#
#S# ####.#.#
#r# .....#.#
..# ####.#..
.(# ####.###
..## .....# .#
###### #.


You could see an adder and a rat.

Vanquished Creatures
  A gnoll (D:1)
  4 adders
  An ooze (D:2)
  2 worms (D:2)
  A dart slug (D:2)
  3 leopard geckos
  3 orcs (D:3)
  A ball python (D:2)
  6 giant cockroaches
  6 goblins
  9 hobgoblins
  2 jackals (D:1)
  2 quokkas
  6 bats
  7 frilled lizards
  4 kobolds
  7 rats
65 creatures vanquished.

Notes
Turn   | Place    | Note
-------+----------+-------------------------------------------
     0 | D:1      | Ivernyr the Centaur Arcane Marksman began the quest for the Orb.
     0 | D:1      | Reached XP level 1. HP: 16/16 MP: 2/2
   212 | D:1      | Reached skill level 3 in Bows
   278 | D:1      | Reached XP level 2. HP: 22/23 MP: 3/3
  1333 | D:2      | Reached XP level 3. HP: 27/28 MP: 4/4
  1368 | D:2      | Found a hazy altar of Hepliaklqana.
  1385 | D:2      | Reached skill level 4 in Bows
  1892 | D:2      | HP: 1/29 [poisoned by an adder]
  2614 | D:2      | Reached XP level 4. HP: 28/36 MP: 2/5
  3529 | D:3      | Reached skill level 5 in Bows
  3641 | D:3      | HP: 1/37 [poisoned by an adder]
  3644 | D:3      | Succumbed to an adder's poison

Skill      XL: |  1  2  3  4 |
---------------+-------------+-----
Bows           | 3 4 5 |  5.2
Hexes          | 3 |  3.4
Fighting       | 2 |  2.4
Dodging        | |  1.3
Spellcasting   | |  1.0

Action                   |  1- 3 |  4- 6 || total
-------------------------+-------+-------++-------
Melee: Unarmed           |   168 |   109 ||   277
       Kick              |    25 |    25 ||    50
 Fire: Shortbow          |    29 |    12 ||    41
 Cast: Corona            |     4 |     3 ||     7
  Eat: Chunk             |     4 |     4 ||     8
Armor: Robe              |    51 |    44 ||    95
Dodge: Dodged            |    91 |    69 ||   160
